 Dungeon Crawl Stone Soup version 0.25-a0-785-gb22c70e859 (webtiles) character file.

Game seed: 7194781276607786558, levelgen mode: deterministic

27 tilp the Bolt Thrower (level 3, -6/20 HPs)
             Began as a Kobold Arcane Marksman on Apr 17, 2020.
             Mangled by a gnoll
             ... wielding a +0 whip
              (11 damage)
             ... on level 1 of the Dungeon.
             The game lasted 00:02:55 (711 turns).

tilp the Bolt Thrower (Kobold Arcane Marksman)       Turns: 711, Time: 00:02:56

Health: -6/20      AC:  2    Str:  8    XL:     3   Next: 25%
Magic:  4/4        EV: 15    Int: 14    God:
Gold:   82         SH:  0    Dex: 20    Spells: 1/4 levels left

rFire    . . .     SeeInvis .   a - +0 hand crossbow
rCold    . . .     Gourm    .   (shield restricted)
rNeg     . . .     Faith    .   e - +0 robe
rPois    .         Spirit   .   (no helmet)
rElec    .         Reflect  .   (no cloak)
rCorr    .         Harm     .   (no gloves)
MR       .....                  (no boots)
Stlth    ++........             (no amulet)
HPRegen  0.06/turn              f - +5 ring of dexterity
MPRegen  0.09/turn              (no ring)

@: no status effects
A: small, carnivore
a: no special abilities


You were on level 1 of the Dungeon.
You were completely stuffed.

You visited 1 branch of the dungeon, and saw 1 of its levels.

You collected 82 gold pieces.

Inventory:

Hand Weapons
 a - a +0 hand crossbow (weapon)
 b - a +0 short sword
 j - a +0 mace
Missiles
 d - 8 bolts (quivered)
 l - 29 arrows
Armour
 e - a +0 robe (worn)
Jewellery
 f - a +5 ring of dexterity (left hand)
 k - an uncursed amulet of guardian spirit {unknown}
 m - an uncursed ring of poison resistance
Scrolls
 g - a scroll of enchant armour {unknown}
 i - 2 scrolls of identify {unknown}
 n - a scroll of magic mapping {unknown}
 p - a scroll of remove curse {unknown}
Potions
 h - a potion of heal wounds {unknown}
 o - a potion of cancellation {unknown}
Comestibles
 c - 3 rations
 q - a chunk of flesh


   Skills:
 - Level 1.1 Fighting
 + Level 4.2 Crossbows
 - Level 2.4 Dodging
 - Level 1.1 Spellcasting
 - Level 3.0 Hexes


You had one spell level left.
You knew the following spells:

 Your Spells              Type           Power        Failure   Level  Hunger
a - Corona                Hex            #......      8%          1    ##.....
b - Slow                  Hex            #.......     12%         2    ###....

Your spell library contained the following spells:

 Spells                   Type           Power        Failure   Level  Hunger
 Inner Flame              Hex/Fire       #.......     38%         3    ####...
 Portal Projectile        Hex/Tloc       #.....       38%         3    ####...
 Cause Fear               Hex            #.........   58%         4    #####..
 Leda's Liquefaction      Hex/Erth       #.........   80%         4    #####..


Dungeon Overview and Level Annotations

Branches:
Dungeon (1/15)

Altars:


Innate Abilities, Weirdness & Mutations

You are small and have problems with some larger weapons.
You are carnivorous and can eat meat at any time.


Message History

Press: ? - help, Shift-Dir - straight line, f/p - gnoll
Aim: a gnoll, wielding a +0 whip (almost dead)
You shoot a bolt.
The bolt hits the gnoll but does no damage.
The gnoll is almost dead.
The gnoll misses you.
Firing (i - inventory)
d - 10 bolts (quivered)
Press: ? - help, Shift-Dir - straight line, f/p - gnoll
Aim: a gnoll, wielding a +0 whip (almost dead)
You shoot a bolt. The bolt closely misses the gnoll.
The gnoll completely misses you.
Firing (i - inventory)
d - 9 bolts (quivered)
Press: ? - help, Shift-Dir - straight line, f/p - gnoll
Aim: a gnoll, wielding a +0 whip (almost dead)
You shoot a bolt.
The bolt hits the gnoll but does no damage.
The gnoll is almost dead.
The gnoll hits you with a +0 whip!
Ouch! That really hurt!
You die...

......(...(.)......>#
##....######.##.#####
#....# #.##.# #....#
#.##.# ##....# #.##.#
......# #.##.# #
...#..# #.##.# ..#
...##'# #.##.###...#
...##.# #.#..@g(#
...##)# #.#........#
..รท##)#
#.#.....#..(#
#####'## #.#.....#
.#(
####...#####.#######
.'.'.<.'.'.'.#
####...#####.#
...##'##.....#
#...#.#..#####


You could see a gnoll.

Vanquished Creatures
  An ooze (D:1)
  6 bats (D:1)
  4 giant cockroaches (D:1)
  4 goblins (D:1)
  3 kobolds (D:1)
  A ball python (D:1)
19 creatures vanquished.

Notes
Turn   | Place    | Note
-------+----------+-------------------------------------------
     0 | D:1      | tilp the Kobold Arcane Marksman began the quest for the
                  | Orb.
     0 | D:1      | Reached XP level 1. HP: 12/12 MP: 2/2
   202 | D:1      | Reached skill level 3 in Crossbows
   228 | D:1      | Reached XP level 2. HP: 14/16 MP: 1/3
   235 | D:1      | Learned a level 2 spell: Slow
   573 | D:1      | Reached skill level 4 in Crossbows
   573 | D:1      | Reached XP level 3. HP: 20/20 MP: 4/4
   711 | D:1      | Mangled by a gnoll

Levels and vault maps discovered:
D:1:      minmay_arrival_doors, layout_basic, minmay_tiny_reverse_x

Skill      XL: |  1  2 |
---------------+-------+-----
Crossbows      | 3 4 |  4.2
Fighting       | |  1.1
Dodging        | |  2.4
Spellcasting   | |  1.1
Hexes          | |  3.0

Action                   || total
-------------------------++-------
Melee: Short sword       ||    47
 Fire: Hand crossbow     ||    33
 Cast: Corona            ||     8
  Eat: Chunk             ||     8
Armor: Robe              ||    14
Dodge: Dodged            ||    50

Table legend:
 A = Non-vault XP
 B = Vault XP
 C = Vault XP percentage of total XP
 D = Non-vault monster count
 E = Vault monster count
 F = Vault count percentage of total count
                 A         B        C        D         E       F
            +---------+---------+-------+---------+---------+-------
      Total |      35 |       4 |  10.3 |      17 |       2 |  10.5
            +---------+---------+-------+---------+---------+-------
        D:1 |      35 |       4 |  10.3 |      17 |       2 |  10.5
            +---------+---------+-------+---------+---------+-------
